 Dungeon Crawl Stone Soup version 0.31.0-32-g396128a36d (webtiles) character file.

Game seed: 9013543438302683486

329 Tovical the Trooper (level 6, -4/41 HPs)
             Began as a Gargoyle Fighter on Mar 22, 2024.
             Killed by divine providence
             ... invoked by an orc priest
              (11 damage)
             ... on level 4 of the Dungeon.
             The game lasted 00:09:05 (3007 turns).

Tovical the Trooper (Gargoyle Fighter)              Turns: 3007, Time: 00:09:06

Health: -4/41      AC: 13    Str: 19    XL:     6   Next: 50%
Magic:  6/6        EV:  9    Int:  9    God:
Gold:   209        SH:  4    Dex: 11    Spells: 5/5 levels left

rFire   . . .        r - +1 flail (drain)
rCold   . . .        c - +0 buckler
rNeg    + . .        b - +0 scale mail
rPois   ∞            (no helmet)
rElec   +            (no cloak)
rCorr   .            j - +0 pair of gloves
SInv    .            o - +0 pair of boots
Will    .....        (no amulet) Stlth
                     (no ring)
HPRegen 0.26/turn    (no ring)
MPRegen 0.10/turn

%: no passive effects
@: no status effects
A: sickness immunity, AC +4, negative energy resistance 1, electricity
resistance, torment resistance 1, petrification resistance
a: no special abilities


You were on level 4 of the Dungeon.
You visited 1 branch of the dungeon, and saw 5 of its levels.

You collected 209 gold pieces.

Inventory:

Hand Weapons
 a - a +0 flail
 f - a +1 hand axe of freezing
 r - a +1 flail of draining (weapon)
Missiles
 h - 6 poisoned darts (quivered)
 l - 5 boomerangs
 n - 2 throwing nets
Armour
 b - a +0 scale mail (worn)
 c - a +0 buckler (worn)
 j - a +0 pair of gloves (worn)
 o - a +0 pair of boots (worn)
Jewellery
 p - a ring of fire
Wands
 s - a wand of charming (9)
Scrolls
 e - 2 scrolls of revelation
 g - 4 scrolls of teleportation
Potions
 d - a potion of might
 i - 2 potions of curing
 k - a potion of mutation
 m - 2 potions of enlightenment
 q - a potion of degeneration {unknown}
 t - 2 potions of cancellation {unknown}


   Skills:
 + Level 5.9 Fighting
 + Level 4.9 Maces & Flails
 - Level 3.2 Armour
 - Level 3.2 Shields


You had 5 spell levels left.
You didn't know any spells.
Your spell library contained the following spells:

 Spells                   Type           Power      Damage    Failure   Level
 Apportation              Tloc           0%         N/A       83%         1
 Freeze                   Ice            0%         1d3       83%         1
 Frozen Ramparts          Ice            0%         1d1       99%         3
 Hailstorm                Conj/Ice       0%         3d5       99%         3
 Teleport Other           Tloc           0%         N/A       99%         3
 Leda's Liquefaction      Alch/Erth      0%         N/A       100%        4
 Petrify                  Alch/Erth      0%         N/A       100%        4
 Metabolic Englaciation   Hex/Ice        0%         N/A       100%        5
 Summon Forest            Summ/Tloc      0%         N/A       100%        5
 Dispersal                Tloc           0%         N/A       100%        6


Dungeon Overview and Level Annotations

Branches:
Dungeon (5/15)
 Temple: D:4-7

Altars:
Ashenzari
Fedhas
Gozag
Kikubaaqudgha
Makhleb
Nemelex Xobeh
Wu Jian

Shops:
D:1 :


Innate Abilities, Weirdness & Mutations

You are immune to sickness and miasma.
Your stone body is resilient. (AC +4)
You are immune to poison.
You resist negative energy. (rN+)
You are resistant to electric shocks. (rElec)
You are resistant to unholy torment.
You are immune to petrification.


Message History

You sock the orc!
You kill the orc!
The orc priest mumbles some strange prayers to Beogh against you.
Beogh smites you!
You barely miss the orc. The orc hits you but does no damage.
You sock the orc!
You kill the orc!
You barely miss the orc priest. The orc priest hits you with a +0 club.
You are too injured to fight recklessly!
You are too injured to fight recklessly!
You are too injured to fight recklessly!
You are too injured to fight recklessly!
You are too injured to fight recklessly!
You are too injured to fight recklessly!
You are too injured to fight recklessly!
You hit the orc priest.
The orc priest is lightly wounded.
The orc priest calls down the wrath of Beogh upon you.
Beogh smites you!
* * * LOW HITPOINT WARNING * * *
You closely miss the orc priest.
The orc priest is lightly wounded.
The orc priest hits you but does no damage.
You hit the orc priest but do no damage.
You drain the orc priest.
The orc priest is moderately wounded.
The orc priest hits you but does no damage.
You barely miss the orc priest.
The orc priest is moderately wounded.
The orc priest hits you but does no damage.
The orc priest hits you with a +0 club.
* * * LOW HITPOINT WARNING * * *
You hit the orc priest. You drain the orc priest.
The orc priest is almost dead.
The orc priest hits you but does no damage.
You completely miss the orc priest.
The orc priest is almost dead.
The orc priest mumbles some strange prayers to Beogh against you.
Beogh smites you!
You die...

########## #####
#.@oo.....
##...#####.#####...
######..........#..8#
#.................._#
#...)###........#..8#
#..........>..#######
#....########.#
#....#........####
#....#.#####.....##


You could see an orc priest (very drained) and an orc.

Vanquished Creatures
  A jelly (D:3)
  A hound (D:4)
  A bombardier beetle (D:3)
  A gnoll bouda (D:4)
  Robin (D:3)
  9 gnolls
  3 adders
  A dart slug (D:1)
  3 orcs (D:4)
  3 bats
  4 endoplasms
  2 giant cockroaches
  13 goblins
  8 hobgoblins
  A quokka (D:3)
  8 ball pythons
  3 frilled lizards
  8 kobolds
  4 rats
75 creatures vanquished.

Notes
Turn   | Place    | Note
-------+----------+-------------------------------------------
     0 | D:1      | Tovical the Gargoyle Fighter began the quest for the Orb.
     0 | D:1      | Reached XP level 1. HP: 14/14 MP: 1/1
   143 | D:1      | Found Aniahomi's Book Emporium.
   243 | D:1      | Reached XP level 2. HP: 11/19 MP: 2/2
   924 | D:1      | Reached XP level 3. HP: 12/24 MP: 3/3
   927 | D:1      | Reached skill level 4 in Fighting
  1056 | D:1      | Reached XP level 4. HP: 20/30 MP: 4/4
  1200 | D:2      | Found a faded altar of an unknown god.
  1238 | D:2      | Found a broken altar of Ashenzari.
  1457 | D:2      | Got the Omnibus of the Griffon
  1565 | D:3      | Noticed Robin
  1578 | D:3      | Killed Robin
  1692 | D:3      | Reached XP level 5. HP: 32/34 MP: 5/5
  1724 | D:3      | Found a sparkling altar of Nemelex Xobeh.
  1748 | D:3      | Reached skill level 5 in Fighting
  1895 | D:4      | Found an ornate altar of the Wu Jian Council.
  2030 | D:3      | Found a burning altar of Makhleb.
  2087 | D:3      | Found an ancient bone altar of Kikubaaqudgha.
  2096 | D:3      | Found a blossoming altar of Fedhas.
  2557 | D:5      | Entered Level 5 of the Dungeon
  2639 | D:4      | Reached XP level 6. HP: 40/40 MP: 6/6
  2927 | D:4      | Found an opulent altar of Gozag.
  3007 | D:4      | Killed from afar by an orc priest

Illustrated notes

Levels and vault maps discovered:
D:1:      zaba_arrival_water, layout_basic, serial_shops,
          nicolae_shop_tiny_statue_garden
D:2:      layout_rooms, shapermc_ecumenical_altar_notcrosses, basic_altar
D:3:      layout_loops_ring, grunt_temple_overflow_growth_and_decay,
          bloody_makhleb, nemelex_diamond_rough_becter, uniq_robin
D:4:      layout_basic, nicolae_hepliaklqana_hazy_memory,
          mainiacjoe_overflow_concentric_impassable, grunt_gozag_breadcrumbs,
          minmay_temple_entry_large_hall, kennysheep_generic_room_5, uniq_ijyb
D:5:      layout_gridville, amcnicky_altar_gilded, gammafunk_ghost_cemetery,
          uniq_grinder

Skill      XL: |  1  2  3  4  5 |
---------------+----------------+-----
Fighting       | 4 5 |  5.9
Maces & Flails | 3 4 |  4.9
Armour         | |  3.2
Shields        | |  3.2

Action                     |  1- 3 |  4- 6 || total
---------------------------+-------+-------++-------
  Melee: Flail             |    11 |    57 ||    68
         Hand axe          |    42 |    28 ||    70
         Mace              |       |    64 ||    64
  Throw: Dart              |       |    13 ||    13
    Use: Scroll            |     3 |     7 ||    10
 Armour: Scale mail        |    41 |   119 ||   160
  Dodge: Dodged            |    26 |    71 ||    97
  Block: Buckler           |    12 |    20 ||    32
